 Dungeon Crawl Stone Soup version 0.28.0-43-g3370ac3207 (webtiles) character file.

Game seed: 7348446338050638417

10822 DearestLeader the Archer (level 11, -4/83 HPs)
             Began as a Gnoll Wanderer on Feb 28, 2022.
             Was a Believer of Makhleb.
             Succumbed to a cane toad's poison
             ... on level 1 of the Lair of Beasts.
             The game lasted 00:25:13 (9831 turns).

DearestLeader the Archer (Gnoll Wanderer)           Turns: 9831, Time: 00:25:13

Health: -4/83      AC: 10    Str: 14    XL:     11   Next: 68%
Magic:  1/21       EV: 13    Int:  9    God:    Makhleb [**....]
Gold:   605        SH:  0    Dex: 16    Spells: 16/24 levels left

rFire   . . .      SeeInvis .   a - +4 shortbow
rCold   . . .      Faith    .   (shield currently unavailable)
rNeg    + . .      Spirit   +   o - +1 ring mail of Insatiable Hunger {rN+ Regen+}
rPois   .          Reflect  .   (no helmet)
rElec   .          Harm     .   q - +0 cloak
rCorr   .          Rampage  .   (no gloves)
Will    .....      Rage     1%  M - +0 pair of boots
Stlth   +++.......              f - amulet of guardian spirit
HPRegen 1.03/turn               I - ring of wizardry
MPRegen 0.17/turn               (no ring)

@: mighty, lethally poisoned (-4 -> -22)
A: fangs 1, strong nose, distributed training, berserk 1
a: Renounce Religion, Minor Destruction


You were on level 1 of the Lair of Beasts.
You worshipped Makhleb.
Makhleb was pleased with you.
You visited 2 branches of the dungeon, and saw 11 of its levels.
You also visited: Sewer.

You collected 605 gold pieces.

Inventory:

Hand Weapons
 a - a +4 shortbow (weapon)
 d - a +3 vampiric trident
 y - a +2 whip of venom
 G - a +0 falchion of holy wrath
Missiles
 b - 124 arrows (quivered ammo)
 c - 7 boomerangs
 g - 3 datura-tipped darts
Armour
 e - a +0 leather armour
 o - the +1 ring mail of Insatiable Hunger (worn) {rN+ Regen+}
   (You found it on level 2 of the Dungeon)

   rN:        It protects you from negative energy.
   Regen:     It increases your rate of health regeneration.
 q - a +0 cloak (worn)
 w - a +0 buckler
 M - a +0 pair of boots (worn)
Jewellery
 f - an amulet of guardian spirit (around neck)
 h - a ring of ice
 I - a ring of wizardry (left hand)
Wands
 D - a wand of paralysis (1)
 F - a wand of iceblast (13)
 H - a wand of flame (47)
 L - a wand of acid (8)
Scrolls
 j - a scroll of vulnerability
 l - a scroll of amnesia {unknown}
 n - 2 scrolls of teleportation
 u - 3 scrolls of enchant armour {unknown}
 v - 3 scrolls of fear
 x - 2 scrolls of holy word
 A - 3 scrolls of enchant weapon
 J - 6 scrolls of identify
 N - a scroll of immolation {unknown}
Potions
 k - 4 potions of haste
 m - a potion of resistance
 p - 3 potions of ambrosia
 r - 3 potions of lignification
 s - a potion of mutation
 t - 4 potions of degeneration
 z - 7 potions of flight
 B - 2 potions of might
 C - a potion of invisibility {unknown}
 E - a potion of magic {unknown}
 K - a potion of heal wounds {unknown}


   Skills:
 + Level 6.5 Fighting
 + Level 6.5 Short Blades
 + Level 6.5 Long Blades
 + Level 6.5 Axes
 + Level 6.5 Maces & Flails
 + Level 6.5 Polearms
 + Level 6.5 Staves
 + Level 6.5 Slings
 + Level 10.7 Bows
 + Level 6.5 Crossbows
 + Level 9.3 Throwing
 + Level 6.5 Armour
 + Level 6.5 Dodging
 + Level 7.0 Stealth
 + Level 6.5 Shields
 + Level 6.5 Unarmed Combat
 + Level 7.2 Spellcasting
 + Level 5.4 Conjurations
 + Level 5.4 Hexes
 + Level 5.4 Summonings
 + Level 5.4 Necromancy
 + Level 5.4 Translocations
 + Level 5.9 Transmutations
 + Level 5.4 Fire Magic
 + Level 5.4 Ice Magic
 + Level 5.4 Air Magic
 + Level 5.4 Earth Magic
 + Level 5.4 Poison Magic
 + Level 7.1 Invocations
 + Level 6.5 Evocations


You had 16 spell levels left.
You knew the following spells:

 Your Spells              Type           Power      Damage    Failure   Level
a - Passwall              Tmut/Erth      10%        N/A       2%          2
b - Foxfire               Conj/Fire      48%        2x1d6     1%          1
c - Blink                 Tloc           24%        N/A       2%          2
d - Inner Flame           Hex/Fire       12%        N/A       4%          3

Your spell library contained the following spells:

 Spells                   Type           Power      Damage    Failure   Level
 Wereblood                Tmut           13%        N/A       1%          2
 Conjure Flame            Conj/Fire      12%        6-21      4%          3
 Summon Guardian Golem    Hex/Summ       12%        N/A       4%          3
 Flame Wave               Conj/Fire      12%        2d6       16%         4
 Manifold Assault         Tloc           12%        N/A       38%         5
 Orb of Destruction       Conj           6%         9d6       100%        7
 Spellforged Servitor     Conj/Summ      6%         N/A       100%        7
 Storm Form               Tmut/Air       6%         N/A       100%        7


Dungeon Overview and Level Annotations

Branches:
Dungeon (9/15)             Temple (0/1) D:7            Lair (2/6) D:8
  Sewer (visited)
  Swamp: Lair:2-4    Shoals: Lair:2-4     Snake: Lair:2-4    Spider: Lair:2-4
    Orc: D:9-12

Altars:
Cheibriados
Elyvilon
Fedhas
Hepliaklqana
Kikubaaqudgha
Makhleb
Uskayaw
Wu Jian
Xom
The Shining One

Shops:
D:4 *

Portals:
Abyss: D:3

Annotations:
D:3 2 transporters, manix's ghost, amateur MfTm
D:4 1 runed translucent door, doomsgape's ghost, amateur GrFi


Innate Abilities, Weirdness & Mutations

You have very sharp teeth.
Your uncanny sense of smell can sniff out nearby items.
Your experience applies equally to all skills.
You tend to lose your temper in combat.


Message History

Press: ? - help, Shift-Dir - straight line, f/p - cane toad
Aim: a cane toad (severely wounded)
The stone arrow hits the cane toad!
You kill the cane toad!
Makhleb accepts your kill.
You feel better.
You feel very sick.
Your Stealth skill increases to level 7!
Casting: Blink (safe; 2% risk of failure)
Confirm with . or Enter, or press ? or * to list all spells.
You blink.
You feel very sick.
You feel very sick.
Fire: 127 arrows
Press: ? - help, Q - select action, (/) - cycle Shift-Dir - straight line, f - cane toad
Aim: a cane toad (lightly wounded, 74% to hit)
You shoot an arrow. The arrow closely misses the cane toad.
You feel sick.
Fire: 126 arrows
Press: ? - help, Q - select action, (/) - cycle Shift-Dir - straight line, f/p - cane toad
Aim: a cane toad (lightly wounded, 74% to hit)
You shoot an arrow. The arrow hits the cane toad!
The cane toad is moderately wounded.
You feel sick.
Fire: 125 arrows
Press: ? - help, Q - select action, (/) - cycle Shift-Dir - straight line, f/p - cane toad
Aim: a cane toad (moderately wounded, 74% to hit)
You shoot an arrow.
The arrow hits the cane toad but does no damage.
The cane toad is moderately wounded.
You feel sick.
It was a potion of might.
You feel very mighty all of a sudden.
You feel stable enough to blink again.
You feel sick. The cane toad stings you!!
* * * LOW HITPOINT WARNING * * *
You are lethally poisoned!
The cane toad poisons you!
It was a potion of mutation.
You feel extremely strange.
You feel a little pissed off.
You die...

##...##...####.....
#.(####.....##.....
##.####......##....
#...(###.....##.#..
##(##..#.#....#..##
#(##..###....#.##.
#(##......##...#..
#F.#......##.F..#.
#@##########......
#.##P#...###......
#.....(((F........
#.................
#######P##########
###


You could see a cane toad.

Vanquished Creatures
  Pikel (D:7)
  An elephant (D:8)
  5 cane toads (Lair:1)
  Psyche (D:8)
  9 blink frogs (Lair:1)
  A shadow (D:7)
  A wyvern (D:8)
  Eustachio (D:5)
  18 yaks
  A basilisk (D:8)
  Menkaure (D:7)
  4 water moccasins
  2 ice beasts
  A sky beast (D:6)
  2 black bears
  2 ogres
  A centaur (D:8)
  4 wolves (Lair:1)
  4 lemures (D:7)
  A kobold brigand (D:8)
  4 bullfrogs
  A gnoll sergeant (D:6)
  A scorpion (D:4)
  A water moccasin skeleton (D:6)
  9 wights (D:8)
  6 killer bees (D:8)
  A howler monkey (D:4)
  A crimson imp (D:7)
  A bullfrog zombie (D:5)
  A centaur zombie (D:5)
  A gnoll shaman (D:5)
  A jelly (D:5)
  2 hounds
  4 iguanas
  An orc wizard (D:4)
  2 hell rats (Lair:1)
  A hound skeleton (D:5)
  A howler monkey skeleton (D:7)
  12 gnolls
  6 adders
  8 river rats
  2 shadow imps
  An ufetubus (D:5)
  An adder skeleton (D:4)
  4 worms
  4 dart slugs
  7 orcs
  10 ball pythons
  10 endoplasms
  10 giant cockroaches
  5 goblins
  9 hobgoblins
  6 jackals
  6 quokkas
  12 bats
  3 frilled lizards
  12 kobolds
  7 rats
  A spectral kobold (D:4)
236 creatures vanquished.

Vanquished Creatures (others)
  35 foxfires
  5 fungi (Lair:1)
  3 plants
43 creatures vanquished.

Grand Total: 279 creatures vanquished

Notes
Turn   | Place    | Note
-------+----------+-------------------------------------------
     0 | D:1      | DearestLeader the Gnoll Wanderer began the quest for the
                  | Orb.
     0 | D:1      | DearestLeader set off with the following items: a +2
                  | shortbow, 29 arrows, 8 boomerangs, a +0 dagger, a +0
                  | leather armour; and the following spells available to
                  | memorise: Wereblood, Passwall
     0 | D:1      | Reached XP level 1. HP: 13/13 MP: 4/4
   108 | D:1      | Reached XP level 2. HP: 19/19 MP: 5/5
   239 | D:1      | Found a faded altar of an unknown god.
   244 | D:1      | Reached XP level 3. HP: 25/25 MP: 7/7
   517 | D:1      | Reached skill level 1 in Invocations
   651 | D:2      | Identified the +1 ring mail of Insatiable Hunger {rN+
                  | Regen+}
   716 | D:2      | Reached skill level 1 in Fighting
   716 | D:2      | Reached skill level 1 in Short Blades
   716 | D:2      | Reached skill level 1 in Long Blades
   716 | D:2      | Reached skill level 1 in Axes
   716 | D:2      | Reached skill level 1 in Maces & Flails
   716 | D:2      | Reached skill level 1 in Polearms
   716 | D:2      | Reached skill level 1 in Staves
   716 | D:2      | Reached skill level 1 in Slings
   716 | D:2      | Reached skill level 1 in Crossbows
   716 | D:2      | Reached skill level 1 in Armour
   716 | D:2      | Reached skill level 1 in Dodging
   716 | D:2      | Reached skill level 1 in Shields
   716 | D:2      | Reached skill level 1 in Unarmed Combat
   716 | D:2      | Reached skill level 1 in Evocations
   929 | D:2      | Reached XP level 4. HP: 32/32 MP: 8/8
  1225 | D:3      | Found a transporter.
  1236 | D:3      | Found a transporter.
  1298 | D:3      | Noticed manix's ghost (amateur MfTm)
  1299 | D:3      | Found a one-way gate to the infinite horrors of the Abyss.
  1502 | D:4      | Learned a level 2 spell: Passwall
  1504 | D:4      | Learned a level 1 spell: Foxfire
  1584 | D:4      | Found Xorghatz's Gadget Gallery.
  1620 | D:4      | Found a white marble altar of Elyvilon.
  1627 | D:4      | Reached skill level 1 in Conjurations
  1627 | D:4      | Reached skill level 1 in Hexes
  1627 | D:4      | Reached skill level 1 in Summonings
  1627 | D:4      | Reached skill level 1 in Necromancy
  1627 | D:4      | Reached skill level 1 in Translocations
  1627 | D:4      | Reached skill level 1 in Fire Magic
  1627 | D:4      | Reached skill level 1 in Ice Magic
  1627 | D:4      | Reached skill level 1 in Air Magic
  1627 | D:4      | Reached skill level 1 in Earth Magic
  1627 | D:4      | Reached skill level 1 in Poison Magic
  1671 | D:4      | Found a runed translucent door.
  1679 | D:4      | Noticed doomsgape's ghost (amateur GrFi)
  1705 | D:4      | Reached XP level 5. HP: 37/37 MP: 9/9
  1844 | D:4      | Noticed an ogre
  1850 | D:4      | Killed an ogre
  1876 | D:4      | Reached XP level 6. HP: 44/44 MP: 10/10
  2247 | D:4      | Found a hazy altar of Hepliaklqana.
  2306 | D:5      | Entered Level 5 of the Dungeon
  2462 | D:5      | Reached XP level 7. HP: 50/50 MP: 12/12
  2561 | D:5      | Found a glowing drain.
  2583 | Sewer    | Entered a sewer
  3368 | D:5      | Reached skill level 9 in Bows
  3557 | D:5      | Reached XP level 8. HP: 50/57 MP: 12/14
  3704 | D:5      | Noticed Eustachio
  3750 | D:5      | Killed Eustachio
  4001 | D:6      | Found a hide-covered altar of Uskayaw.
  4267 | D:6      | Found a shimmering altar of Xom.
  5004 | D:7      | Noticed Pikel
  5020 | D:7      | Killed Pikel
  5021 | D:7      | Reached XP level 9. HP: 56/65 MP: 9/16
  5142 | D:7      | Reached skill level 5 in Spellcasting
  5219 | D:7      | Found a staircase to the Ecumenical Temple.
  5381 | D:7      | Found a snail-covered altar of Cheibriados.
  5384 | D:7      | Found an ancient bone altar of Kikubaaqudgha.
  5387 | D:7      | Found a glowing golden altar of the Shining One.
  5404 | D:7      | Noticed Menkaure
  5410 | D:7      | Killed Menkaure
  5460 | D:7      | Learned a level 2 spell: Blink
  5464 | D:7      | Learned a level 3 spell: Inner Flame
  5733 | D:7      | Reached skill level 5 in Stealth
  5757 | D:7      | Reached skill level 5 in Invocations
  6114 | D:7      | Found a burning altar of Makhleb.
  6130 | D:7      | Became a worshipper of Makhleb the Destroyer
  6188 | D:8      | Reached XP level 10. HP: 73/73 MP: 18/18
  6197 | D:8      | Noticed an elephant
  6230 | D:8      | Killed an elephant
  6231 | D:8      | Reached skill level 5 in Fighting
  6231 | D:8      | Reached skill level 5 in Short Blades
  6231 | D:8      | Reached skill level 5 in Long Blades
  6231 | D:8      | Reached skill level 5 in Axes
  6231 | D:8      | Reached skill level 5 in Maces & Flails
  6231 | D:8      | Reached skill level 5 in Polearms
  6231 | D:8      | Reached skill level 5 in Staves
  6231 | D:8      | Reached skill level 5 in Slings
  6231 | D:8      | Reached skill level 5 in Crossbows
  6231 | D:8      | Reached skill level 5 in Armour
  6231 | D:8      | Reached skill level 5 in Dodging
  6231 | D:8      | Reached skill level 5 in Shields
  6231 | D:8      | Reached skill level 5 in Unarmed Combat
  6231 | D:8      | Reached skill level 5 in Evocations
  6240 | D:8      | Reached skill level 10 in Bows
  6660 | D:8      | Found an ornate altar of the Wu Jian Council.
  6732 | D:8      | Found a staircase to the Lair.
  7017 | D:8      | Noticed Psyche
  7037 | D:8      | Killed Psyche
  7038 | D:8      | Reached skill level 5 in Transmutations
  7178 | D:8      | Found a blossoming altar of Fedhas.
  7306 | D:8      | Reached * piety under Makhleb
  7463 | D:9      | Noticed a brown ugly thing
  7515 | Lair:1   | Entered Level 1 of the Lair of Beasts
  7942 | Lair:1   | Reached XP level 11. HP: 74/81 MP: 12/20
  8181 | Lair:1   | Reached skill level 5 in Conjurations
  8181 | Lair:1   | Reached skill level 5 in Hexes
  8181 | Lair:1   | Reached skill level 5 in Summonings
  8181 | Lair:1   | Reached skill level 5 in Necromancy
  8181 | Lair:1   | Reached skill level 5 in Translocations
  8181 | Lair:1   | Reached skill level 5 in Fire Magic
  8181 | Lair:1   | Reached skill level 5 in Ice Magic
  8181 | Lair:1   | Reached skill level 5 in Air Magic
  8181 | Lair:1   | Reached skill level 5 in Earth Magic
  8181 | Lair:1   | Reached skill level 5 in Poison Magic
  9065 | Lair:1   | Reached ** piety under Makhleb
  9830 | Lair:1   | HP: 1/83 [cane toad (8)]
  9831 | Lair:1   | Gained mutation: You tend to lose your temper in combat.
                  | [potion of mutation]
  9831 | Lair:1   | Succumbed to a cane toad's poison

Illustrated notes

Levels and vault maps discovered:
D:1:      nagdon_arrival_double_spiral, layout_basic,
          ebering_ecumenical_altar_rust, minmay_misc_feat_roman
D:2:      layout_basic
D:3:      layout_rooms, gammafunk_ghost_abyssal_escape
D:4:      layout_basic, elyvilon_altar_5,
          nicolae_hepliaklqana_monster_ancestors,
          hellmonk_ghost_happy_afterlife, nicolae_shop_gadgets
D:5:      layout_gridville, portal_sewer_entry_f, minmay_crystal_room,
          uniq_eustachio
D:6:      layout_basic, amcnicky_altar_gilded, mainiacjoe_overflow_catwalk,
          lemuel_flame_loot_1
D:7:      layout_basic, makhleb_grotto_becter, grunt_temple_overflow_open,
          minmay_temple_entry_from_below_a, bh_walls_and_bars, uniq_menkaure,
          uniq_pikel
D:8:      layout_basic, old_standard_altar, fedhas_altar_2, david_lair_generic,
          uniq_psyche
D:9:      layout_irregular_city, mainiacjoe_overflow_cross_hatched,
          zin_scriptorium, erik_orc_2, enter_bailey_5, minivault_13
Lair:1:   layout_regular_city, kennysheep_rathole
Lair:2:   layout_concentric_octagons, wad_woods_road_01, beast_lair_carwin_4,
          serial_bayou_shore_a, grunt_megastairs_1

Skill      XL: |  1  2  3  4  5  6  7  8  9 10 11 |
---------------+----------------------------------+-----
Transmutations | 2 3 4 5 |  5.9
Invocations    | 1 2 3 4 5 6 7 |  7.1
Fighting       | 1 2 3 4 5 6 |  6.5
Short Blades   | 1 2 3 4 5 6 |  6.5
Long Blades    | 1 2 3 4 5 6 |  6.5
Axes           | 1 2 3 4 5 6 |  6.5
Maces & Flails | 1 2 3 4 5 6 |  6.5
Polearms       | 1 2 3 4 5 6 |  6.5
Staves         | 1 2 3 4 5 6 |  6.5
Slings         | 1 2 3 4 5 6 |  6.5
Crossbows      | 1 2 3 4 5 6 |  6.5
Armour         | 1 2 3 4 5 6 |  6.5
Dodging        | 1 2 3 4 5 6 |  6.5
Shields        | 1 2 3 4 5 6 |  6.5
Unarmed Combat | 1 2 3 4 5 6 |  6.5
Evocations     | 1 2 3 4 5 6 |  6.5
Spellcasting   | 3 4 5 6 7 |  7.2
Conjurations   | 1 2 3 4 5 |  5.4
Hexes          | 1 2 3 4 5 |  5.4
Summonings     | 1 2 3 4 5 |  5.4
Necromancy     | 1 2 3 4 5 |  5.4
Translocations | 1 2 3 4 5 |  5.4
Fire Magic     | 1 2 3 4 5 |  5.4
Ice Magic      | 1 2 3 4 5 |  5.4
Air Magic      | 1 2 3 4 5 |  5.4
Earth Magic    | 1 2 3 4 5 |  5.4
Poison Magic   | 1 2 3 4 5 |  5.4
Stealth        | 3 4 5 6 7 |  7.0
Throwing       | 7 8 9 |  9.3
Bows           | 9 10 | 10.7

Action                   |  1- 3 |  4- 6 |  7- 9 | 10-12 || total
-------------------------+-------+-------+-------+-------++-------
Melee: Shortbow          |       |     1 |       |       ||     1
       Whip              |       |    11 |   244 |    41 ||   296
       Bite              |       |     1 |    28 |     5 ||    34
       Falchion          |       |       |    14 |       ||    14
       Punch             |       |       |       |     1 ||     1
 Fire: Shortbow          |    83 |   106 |   204 |   501 ||   894
Throw: Boomerang         |       |     2 |       |       ||     2
 Cast: Foxfire           |       |       |     4 |    20 ||    24
       Inner Flame       |       |       |     4 |       ||     4
       Blink             |       |       |     1 |    11 ||    12
Invok: Minor Destruction |       |       |       |     1 ||     1
  Use: Scroll            |       |     6 |     7 |     3 ||    16
       Potion            |       |       |       |     8 ||     8
 Stab: Sleeping          |       |       |     2 |       ||     2
Armor: Leather armour    |     3 |       |       |       ||     3
       Ring mail         |       |     7 |   155 |    66 ||   228
Dodge: Dodged            |     5 |    15 |   205 |   218 ||   443
Block: Buckler           |       |     3 |    60 |       ||    63
